AoeStats
← Rttrs | Rüstiger Rüssler Rudy

MegaRandom

509165138Analyzed
3v3 RM · 7d ago on Sep 25, 2026· 48m 54s· 6 players
Game mode
Random Map
Map size
Normal (6 player)
Population
200
Speed
Normal
Resources
Standard
Victory
Conquest
Starting age
Dark Age
Ending age
Imperial Age
RankedLock teamsTeams togetherTeam positionsShared explorationLock speedFull tech treeHidden civsTurbo modeCheats
Victory
Defeat
🇨🇿 Varangians · Czechia
1061
+18
🇨🇿 Danes · Czechia
1048
+18
🇨🇿 Romans · Czechia
1041
+18
🇩🇪 Magyars · Germany
1186
-21
1088
-18
🇩🇪 Khmer · Germany
1013
-15
jan.haken98
11:18 Feudal Age
12:06 Double-Bit Axe
15:44 Castle Age
14:46 Loom
23:17 Scale Mail Armor
26:44 Forging
29:01 Wheelbarrow
32:26 Fletching
32:26 Hamask
33:48 Chain Mail Armor
39:48 Bow Saw
43:14 Imperial Age
42:21 Hand Cart
42:33 Hand Cart
42:32 Horse Collar
43:47 Iron Casting
44:16 Elite Jomsviking
45:22 Conscription
45:38 Hoardings
47:25 Capped Ram
49:58 Blast Furnace
49:29 Plate Mail Armor
killing_gorila
10:10 Feudal Age
8:26 Loom
15:25 Castle Age
14:53 Horse Collar
15:17 Double-Bit Axe
24:18 Wheelbarrow
25:31 Bow Saw
25:35 Heavy Plow
27:13 Hand Cart
31:47 Imperial Age
31:26 Forging
31:23 Scale Barding Armor
33:18 Iron Casting
33:58 Gold Mining
34:36 Conscription
33:41 Gothikon
34:39 Scale Mail Armor
36:03 Elite Varangian Guard
37:43 Squires
37:31 Arson
42:25 Chain Mail Armor
43:11 Blast Furnace
46:56 Plate Mail Armor
47:32 Gambesons
Mephist
9:50 Loom
12:15 Feudal Age
13:27 Double-Bit Axe
17:00 Fletching
18:57 Man-at-Arms
19:43 Scale Mail Armor
29:13 Padded Archer Armor
33:32 Castle Age
31:32 Horse Collar
32:53 Gold Mining
36:27 Bow Saw
36:55 Gold Shaft Mining
36:24 Heavy Plow
37:26 Bodkin Arrow
43:28 Wheelbarrow
48:33 Imperial Age
46:30 Ballistics
47:28 Hand Cart
Rttrs | Rüstiger Rüssler Rudy
8:41 Loom
11:29 Feudal Age
12:44 Double-Bit Axe
12:26 Man-at-Arms
16:40 Fletching
19:20 Padded Archer Armor
25:35 Castle Age
25:39 Crossbowman
26:15 Bodkin Arrow
28:20 Leather Archer Armor
31:27 Wheelbarrow
31:22 Scale Barding Armor
32:01 Forging
40:01 Imperial Age
37:50 Hand Cart
40:20 Chain Barding Armor
41:26 Elite Mameluke
42:39 Bracer
44:04 Plate Barding Armor
46:37 Iron Casting
47:31 Light Cavalry
Berni9219
4:12 Loom
10:51 Feudal Age
10:57 Man-at-Arms
12:05 Horse Collar
12:25 Double-Bit Axe
13:25 Wheelbarrow
12:37 Town Watch
19:12 Castle Age
17:46 Fletching
20:38 Padded Archer Armor
20:46 Crossbowman
21:57 Heavy Plow
24:14 Ballistics
24:07 Town Patrol
26:48 Hand Cart
26:48 Scale Mail Armor
26:24 Man-at-Arms
27:02 Pikeman
28:36 Elite Skirmisher
28:45 Long Swordsman
30:33 Bow Saw
32:28 Forging
33:37 Leather Archer Armor
40:57 Imperial Age
44:15 Arbalester
46:21 Bodkin Arrow
knottovichIV
6:34 Loom
9:43 Feudal Age
11:11 Horse Collar
11:31 Double-Bit Axe
19:48 Castle Age
18:20 Bloodlines
18:46 Scale Barding Armor
21:50 Chain Barding Armor
21:56 Husbandry
31:49 Wheelbarrow
32:01 Heavy Plow
32:14 Bow Saw
33:08 Gold Mining
34:59 Hand Cart
35:54 Fletching
39:23 Imperial Age
37:16 Bodkin Arrow
37:22 Padded Archer Armor
37:56 Corvinian Army
39:33 Leather Archer Armor
40:13 Ballistics
39:44 Heavy Cavalry Archer
40:51 Parthian Tactics
40:29 Bracer
41:11 Recurve Bow
41:32 Conscription
42:04 Thumb Ring
42:37 Ring Archer Armor
43:12 Chemistry
Connection lost

Rejoining the realm…

Still unreachable

The connection could not be restored.

Session expired

The server has moved on; the page needs a fresh start.